 Dungeon Crawl Stone Soup version 0.19-a0-944-gb338e1e (webtiles) character file.

63 HAL9000 the Ruffian (level 3, 0/28 HPs)
             Began as a Draconian Transmuter on July 9, 2016.
             Was an Initiate of Cheibriados.
             Slain by a sky beast (6 damage)
             ... on level 2 of the Dungeon.
             The game lasted 00:05:43 (1294 turns).

HAL9000 the Ruffian (Draconian Transmuter)          Turns: 1294, Time: 00:05:44

Health: 0/28       AC:  6    Str: 12 (13) XL:     3   Next: 89%
Magic:  4/6        EV: 12    Int: 14 (15) God:    Cheibriados [......]
Gold:   101        SH:  0    Dex: 10 (12) Spells: 3 memorised, 1 level left

rFire  . . .     SeeInvis .       - Unarmed
rCold  . . .     Gourm    .     (armour unavailable)
rNeg   . . .     Faith    .     (no shield)
rPois  .         Spirit   .     (helmet restricted)
rElec  .         Dismiss  .     (no cloak)
rCorr  .         Reflect  .     d - +0 pair of gloves
SustAt .         Harm     .     (no boots)
MR     .....                    (no amulet)
Stlth  +.........               (no ring)
                                (no ring)

@: very slow, not resistant to hostile enchantments, very unstealthy
A: unfitting armour, cold-blooded, AC +5
a: Bend Time, Renounce Religion


You were on level 2 of the Dungeon.
You worshipped Cheibriados.
Cheibriados was noncommittal.
You were near starving.

You visited 1 branch of the dungeon, and saw 3 of its levels.

You collected 101 gold pieces.

Inventory:

Missiles
 a - 24 arrows
Armour
 d - a +0 pair of gloves (worn)
Wands
 m - a wand of iceblast (2/15)
Scrolls
 e - a scroll of fear {unknown}
 f - a scroll of remove curse {unknown}
 g - a scroll of random uselessness {unknown}
 h - 5 scrolls of identify
 i - a scroll of recharging {unknown}
 n - a scroll of amnesia {unknown}
 q - a scroll of teleportation {unknown}
Potions
 o - a potion of curing
Books
 b - a book of Changes

   Spells                             Type                      Level
   a - Beastly Appendage              Transmutation                1
   b - Sticks to Snakes               Transmutation                2
   c - Spider Form                    Transmutation/Poison         3
   d - Ice Form                       Ice/Transmutation            4
   e - Blade Hands                    Transmutation                5
Comestibles
 c - 2 bread rations
 l - a meat ration
 p - 4 fruits


   Skills:
 - Level 1.1 Fighting
 - Level 1.7 Dodging
 + Level 3.7 Unarmed Combat
 + Level 2.5 Spellcasting
 * Level 3.1 Transmutations


You had one spell level left.
You knew the following spells:

 Your Spells              Type           Power        Failure   Level  Hunger
a - Beastly Appendage     Tmut           ##....       10%         1    #......
b - Sticks to Snakes      Tmut           ##......     12%         2    ###....
c - Spider Form           Tmut/Pois      #.........   38%         3    ###....


Dungeon Overview and Level Annotations

Branches:
Dungeon (3/15)

Altars:
Cheibriados
Dithmenos
Pakellas

Annotations:
D:3 Ijyb


Innate Abilities, Weirdness & Mutations

Your plain brown scales are hard. (AC +5)
Your body does not fit into most forms of armour.
You are cold-blooded and may be slowed by cold attacks.


Message History

The sky beast flickers out of sight!
Deactivating autopickup; reactivate with Ctrl-A.
Something hits you. Something shocks you.
There is a stone staircase leading up here.
Unknown command.
Something hits you but does no damage.
You climb upwards.
There is a stone staircase leading down here.
Unknown command.
You barely miss something. Something hits you. Something shocks you.
* * * LOW HITPOINT WARNING * * *
Your magical contamination has completely faded away.
You barely miss something. Something hits you but does no damage.
Unknown command.
A sky beast appears from thin air!
Reactivating autopickup.
The sky beast hits you.
* * * LOW HITPOINT WARNING * * *
The sky beast shocks you.
You die...

.........<........##.##.##.##.##
...............#####.##..#..#.#
..........####.# #..###......#
............##># #.## ###....##
........###....####.# ##.....##
..##..............#.# #.......#
#############..##.#.# #.......#
.......#####........# #.......#
######.........Y@..#######.....##
#######.§...#.............##
#.>§..########.......# #######
#.......# #.......# # ##.....##
## ##...## .## ##### ._#


You could see a sky beast.

Vanquished Creatures
  2 adders (D:2)
  2 oozes (D:3)
  2 dart slugs
  4 giant geckos (D:1)
  A giant cockroach (D:1)
  5 goblins (D:1)
  2 hobgoblins (D:2)
  3 bats (D:2)
  6 kobolds
  6 rats
33 creatures vanquished.

Vanquished Creatures (collateral kills)
  A giant gecko (D:2)
  A bat (D:2)
  A kobold (D:2)
3 creatures vanquished.

Grand Total: 36 creatures vanquished

Notes
Turn   | Place    | Note
-------+----------+-------------------------------------------
     0 | D:1      | HAL9000 the Draconian Transmuter began the quest for the Orb.
     0 | D:1      | Reached XP level 1. HP: 16/16 MP: 3/3
   171 | D:1      | Reached XP level 2. HP: 23/23 MP: 5/5
   318 | D:1      | Learned a level 2 spell: Sticks to Snakes
   744 | D:2      | Found a shadowy altar of Dithmenos.
   779 | D:2      | Reached XP level 3. HP: 25/28 MP: 6/6
   816 | D:2      | Found an oddly glowing altar of Pakellas.
   929 | D:2      | Learned a level 3 spell: Spider Form
  1184 | D:2      | Found a snail-covered altar of Cheibriados.
  1197 | D:2      | Became a worshipper of Cheibriados the Contemplative
  1269 | D:3      | Noticed Ijyb
  1269 | D:3      | Noticed a sky beast
  1294 | D:2      | Slain by a sky beast

Vault maps used:
D:1:      zelgadis_glass_arrival_small
D:2:      marbit_many_paths, overflow_temple_1_default,
          nicolae_dithmenos_shadow_blocks, first_bread, lemuel_old_faithful
D:3:      nicolae_qazlal_eye_of_the_storm, nicolae_overflow_crystal_walls,
          uniq_iyjb

Skill      XL: |  1  2  3 |
---------------+----------+-----
Transmutations | 3 |  3.1
Fighting       | |  1.1
Dodging        | |  1.7
Unarmed Combat | |  3.7
Spellcasting   | |  2.5

Action                   || total
-------------------------++-------
Melee: Unarmed           ||   106
       Kick              ||     8
       Tailslap          ||     9
       Headbutt          ||     2
       Punch             ||     1
 Cast: Beastly Appendage ||    12
       Sticks to Snakes  ||     6
  Use: Potion            ||     3
       Scroll            ||     1
 Stab: Sleeping          ||     1
  Eat: Chunk             ||     1
Armor: Skin              ||    45
Dodge: Dodged            ||    77
